 Dungeon Crawl Stone Soup version 0.31-a0-963-ga325b2283a (webtiles) character file.

Game seed: 14229575667200523675

65 SacredBeard the Trooper (level 4, -2/41 HPs)
             Began as a Hill Orc Fighter on Oct 25, 2023.
             Slain by Sigmund
             ... wielding a +0 scythe
              (10 damage)
             ... while paralysed by Ijyb
             ... on level 3 of the Dungeon.
             The game lasted 00:04:15 (2190 turns).

SacredBeard the Trooper (Hill Orc Fighter)          Turns: 2190, Time: 00:04:15

Health: -2/41      AC:  6    Str: 20    XL:     4   Next: 14%
Magic:  4/4        EV:  2    Int:  8    God:
Gold:   97         SH:  0    Dex: 10    Spells: 3/3 levels left

rFire   . . .        a - +0 war axe
rCold   . . .        c - +0 buckler
rNeg    . . .        b - +0 scale mail
rPois   .            (no helmet)
rElec   .            (no cloak)
rCorr   .            (no gloves)
SInv    .            (no boots)
Will    .....        (no amulet) Stlth
                     (no ring)
HPRegen 0.26/turn    (no ring)
MPRegen 0.09/turn

%: no passive effects
@: paralysed, slowed
A: no striking features
a: no special abilities


You were on level 3 of the Dungeon.
You visited 1 branch of the dungeon, and saw 4 of its levels.

You collected 97 gold pieces.

Inventory:

Hand Weapons
 a - a +0 war axe (weapon)
Armour
 b - a +0 scale mail (worn)
 c - a +0 buckler (worn)
Scrolls
 e - 3 scrolls of identify {unknown}
 j - a scroll of immolation {unknown}
 l - a scroll of fear {unknown}
 o - a scroll of blinking {unknown}
Potions
 d - a potion of might
 f - 2 potions of enlightenment {unknown}
 g - 2 potions of heal wounds {unknown}
 h - a potion of haste {unknown}
 i - 2 potions of attraction {unknown}
 k - 3 potions of brilliance {unknown}
 m - a potion of curing {unknown}
 n - a potion of mutation {unknown}


   Skills:
 * Level 4.5 Fighting
 * Level 3.8 Axes
 + Level 3.6 Armour
 + Level 3.8 Shields


You had 3 spell levels left.
You didn't know any spells.
Your spell library contained the following spells:

 Spells                   Type           Power      Damage    Failure   Level
 Apportation              Tloc           0%         N/A       83%         1
 Summon Small Mammal      Summ           0%         N/A       83%         1
 Jinxbite                 Hex            0%         N/A       92%         2
 Call Canine Familiar     Summ           0%         N/A       99%         3
 Summon Guardian Golem    Hex/Summ       0%         N/A       99%         3
 Alistair's Intoxication  Tmut/Pois      0%         N/A       100%        5


Dungeon Overview and Level Annotations

Branches:
Dungeon (4/15)
 Temple: D:4-7

Altars:

Annotations:
D:2 1 runed translucent door, Crazy Yiuf
D:3 Ijyb, Sigmund


Message History

You closely miss the quokka. The quokka barely misses you.
The quokka bites you but does no damage.
You hit the quokka.
The quokka is moderately wounded.
The quokka bites you but does no damage.
You slash the quokka!
You kill the quokka!
No target in view!
You pick up a book of Party Tricks and begin reading...
You add the spells Apportation, Jinxbite and Alistair's Intoxication to your library.
A kobold brigand comes into view.
It is wielding a +0 dagger and quivering curare-tipped darts.
The kobold brigand shouts!
A kobold brigand is nearby!
A kobold brigand is nearby!
The kobold brigand throws a curare-tipped dart.
The curare-tipped dart hits you.
You are poisoned.
You have difficulty breathing.
You feel yourself slow down.
You feel very sick.
You feel very sick.
There is a stone staircase leading up here.
You feel sick.
You climb upwards.
Level annotation: Ijyb, Sigmund You feel very sick.
There is a stone staircase leading down here.
You feel sick. Ijyb hits you with a +0 dagger.
You feel sick.
You are no longer poisoned.
Ijyb attacks as she pursues you! Ijyb hits you but does no damage.
Sigmund casts a spell.
Sigmund flickers and vanishes!
Deactivating autopickup; reactivate with Ctrl-A.
Ijyb zaps a wand.
You suddenly lose the ability to move!
Ijyb hits you with a +0 dagger. Something hits you.
* * * LOW HITPOINT WARNING * * *
Ijyb completely misses you. Something hits you!
You die...

#..####.## #.......^#
#######.## #.# #.#
.## #.# ..# #.#
####################
#.# #.#
##..............@g>.#
#.# #.#
..#################.#
#.# #.# ### #.# #.#
#.# ## #@# #.# #.#
###
##.##.###.######.#
..#
#..#.#..............#
###
#..##g#####.#######.#
#..##.# #.#######.#
### #..##g#
#.........#


You could see Ijyb.

Vanquished Creatures
  2 adders
  A dart slug (D:1)
  6 endoplasms
  3 giant cockroaches
  3 hobgoblins
  4 kobolds
  2 quokkas
  4 ball pythons
  10 bats
  3 frilled lizards
  4 goblins
  5 rats
47 creatures vanquished.

Notes
Turn   | Place    | Note
-------+----------+-------------------------------------------
     0 | D:1      | SacredBeard the Hill Orc Fighter began the quest for the
                  | Orb.
     0 | D:1      | Reached XP level 1. HP: 19/19 MP: 1/1
   153 | D:1      | Reached XP level 2. HP: 27/27 MP: 2/2
   264 | D:1      | Reached skill level 4 in Fighting
   521 | D:1      | Reached XP level 3. HP: 33/33 MP: 3/3
  1420 | D:2      | Found a faded altar of an unknown god.
  1478 | D:2      | Found a runed translucent door.
  1479 | D:2      | Noticed Crazy Yiuf
  1961 | D:3      | Reached XP level 4. HP: 40/41 MP: 4/4
  2100 | D:3      | Noticed Ijyb
  2101 | D:3      | Paralysed by Ijyb for 3 turns
  2105 | D:3      | Noticed Sigmund
  2165 | D:4      | Noticed a kobold brigand
  2187 | D:3      | Paralysed by Ijyb for 5 turns
  2190 | D:3      | Slain by Sigmund

Illustrated notes

Levels and vault maps discovered:
D:1:      wander_arrival_lonely_grave, layout_loops_ring, minmay_misc_feat_iff,
          nicolae_figureground_pulse
D:2:      layout_basic, basic_ecumenical_altar, nicolae_houndstooth_variations,
          uniq_crazy_yiuf_cottage
D:3:      layout_loops_ring, mainiacjoe_overflow_alcove_1,
          kennysheep_cross_bottleneck, kennysheep_small_spiral, uniq_ijyb,
          uniq_sigmund
D:4:      nicolae_cairo_tiling_very_big, layout_layer_cave,
          nicolae_gozag_cash_rules_everything_around_me, lemuel_blue_sif_altar

Skill      XL: |  1  2 |
---------------+-------+-----
Axes           | 3 |  3.8
Fighting       | 4 |  4.5
Armour         | |  3.6
Shields        | |  3.8

Action                     |  1- 3 |  4- 6 || total
---------------------------+-------+-------++-------
  Melee: War axe           |    98 |    25 ||   123
 Armour: Scale mail        |    66 |    18 ||    84
  Dodge: Dodged            |    49 |    16 ||    65
  Block: Buckler           |    23 |    11 ||    34

Table legend: (Time is in decaauts)
 A = Elapsed time spent in this place.
 B = Non-inter-level travel time spent in this place.
 C = Inter-level travel time spent in this place.
 D = Time resting spent in this place.
 E = Time spent auto-exploring this place.
 F = Levels seen in this place.
 G = Mean time per level.
                   A        B        C        D        E       F      G
               +--------+--------+--------+--------+--------+-----+--------+
         Total |   2236 |   2163 |     73 |      0 |   1781 |   4 |  559.0 |
       Dungeon |   2236 |   2163 |     73 |      0 |   1781 |   4 |  559.0 |
               +--------+--------+--------+--------+--------+-----+--------+

Top non-repeatable levels by time:
     D:1: 917 daAuts
     D:2: 765 daAuts
     D:3: 488 daAuts
     D:4: 65 daAuts
